 Dungeon Crawl Stone Soup version 0.20.1-1-g8b1a95d (webtiles) character file.

1043 vishdafish the Covered (level 8, -1/50 HPs)
             Began as a Gargoyle Fighter on July 7, 2017.
             Slain by an ogre
             ... wielding a +0 giant club
              (3 damage)
             ... on level 5 of the Dungeon.
             The game lasted 00:06:47 (4367 turns).

vishdafish the Covered (Gargoyle Fighter)           Turns: 4367, Time: 00:06:48

Health: -1/50      AC: 14    Str: 21    XL:     8   Next: 25%
Magic:  8/8        EV:  8    Int:  9    God:
Gold:   276        SH: 10    Dex: 10    Spells: 7/7 levels left

rFire    . . .     SeeInvis .   d - +3 war axe
rCold    . . .     Gourm    .   c - +0 shield
rNeg     + + .     Faith    .   b - +0 scale mail
rPois    ∞         Spirit   .   s - +0 helmet
rElec    +         Reflect  .   (no cloak)
rCorr    .         Harm     .   (no gloves)
MR       .....                  (no boots)
Stlth    ..........             (no amulet)
Regen    0.2/turn               n - ring of positive energy
MPRegen  0.2/turn               t - ring of wizardry

@: no status effects
A: negative energy resistance 1, electricity resistance, unbreathing,
petrification resistance, rot immunity, AC +5
a: no special abilities


You were on level 5 of the Dungeon.
You were hungry.

You visited 2 branches of the dungeon, and saw 6 of its levels.
You also visited: Sewer.

You collected 276 gold pieces.

Inventory:

Hand Weapons
 a - a +0 war axe
 d - a +3 war axe (weapon)
Armour
 b - a +0 scale mail (worn)
 c - a +0 shield (worn)
 s - a +0 helmet (worn)
Jewellery
 n - a ring of positive energy (left hand)
 t - a ring of wizardry (right hand)
Wands
 r - a wand of flame (11/48)
Scrolls
 h - 5 scrolls of teleportation
 k - a scroll of recharging {unknown}
 o - 2 scrolls of enchant weapon
 q - 2 scrolls of remove curse
 v - a scroll of random uselessness {unknown}
 w - a scroll of amnesia {unknown}
 x - a scroll of fog {unknown}
Potions
 e - 2 potions of haste
 i - 3 potions of curing
 l - 5 potions of flight
 m - 3 potions of heal wounds {unknown}
 p - 5 potions of agility {unknown}
 u - 3 potions of lignification {unknown}
 z - a potion of magic {unknown}
 A - a potion of might
Books
 y - a book of Minor Magic

   Spells                             Type                      Level
   a - Magic Dart                     Conjuration                  1
   b - Blink                          Translocation                2
   c - Call Imp                       Summoning                    2
   d - Slow                           Hexes                        2
   e - Conjure Flame                  Conjuration/Fire             3
   f - Mephitic Cloud                 Conjuration/Poison/Air       3
Comestibles
 f - 3 bread rations
 g - 3 royal jellies
 j - 5 meat rations
 B - 8 chunks of flesh


   Skills:
 + Level 5.4 Fighting
 * Level 5.5 Axes
 + Level 5.9 Armour
 - Level 0.1 Dodging
 + Level 5.6 Shields


You had 7 spell levels left.
You didn't know any spells.

Dungeon Overview and Level Annotations

Branches:
Dungeon (5/15)             Temple (1/1) D:4

Altars:
Ashenzari
Cheibriados
Dithmenos
Elyvilon
Gozag
Makhleb
Nemelex Xobeh
Okawaru
Trog
Uskayaw
Xom
Zin
The Shining One


Innate Abilities, Weirdness & Mutations

You are resistant to torment.
Your stone body is resilient. (AC +5)
You are immune to poison.
You resist negative energy. (rN+)
You are resistant to electric shocks. (rElec)
You can survive without breathing.
You are immune to petrification.
You are immune to rotting.


Message History

You are too injured to fight recklessly!
You are too injured to fight recklessly!
You are too injured to fight recklessly!
You are too injured to fight recklessly!
You are too injured to fight recklessly!
You are too injured to fight recklessly!
You are too injured to fight recklessly!
You are too injured to fight recklessly!
You are too injured to fight recklessly!
You are too injured to fight recklessly!
You are too injured to fight recklessly!
You are too injured to fight recklessly!
You are too injured to fight recklessly!
You are too injured to fight recklessly!
You are too injured to fight recklessly!
You are feeling hungry.
You barely miss the ogre.
The ogre is almost dead.
The ogre hits you with a giant club.
You die...

#.###...#..# #.#
##.##.... #.#
#.# .... #.# #..
... #.# #... ...
#.# #[#.
#.#####.##.#
#####..........#
........[@##.##
######..### ..
##...###.# #
##.## .# ... #
#..


You could see an ogre.

Vanquished Creatures
  An orc warrior (D:4)
  An ogre (D:3)
  A gnoll sergeant (D:5)
  A scorpion (D:4)
  4 wights
  A crimson imp (D:5)
  A centaur zombie (D:5)
  An orc wizard (D:3)
  2 orc priests
  3 worker ants (D:4)
  A merfolk avatar (Sewer)
  A merfolk siren (Sewer)
  Robin (D:3)
  3 gnolls (D:5)
  11 adders
  4 river rats (Sewer)
  A dart slug (D:1)
  5 leopard geckos
  17 orcs
  5 ball pythons
  5 bats
  7 giant cockroaches
  20 goblins
  11 hobgoblins
  2 quokkas
  7 frilled lizards
  3 kobolds
  27 rats
147 creatures vanquished.

Notes
Turn   | Place    | Note
-------+----------+-------------------------------------------
     0 | D:1      | vishdafish the Gargoyle Fighter began the quest for the Orb.
     0 | D:1      | Reached XP level 1. HP: 14/14 MP: 1/1
   105 | D:1      | Reached XP level 2. HP: 13/19 MP: 2/2
   913 | D:2      | Reached XP level 3. HP: 23/23 MP: 3/3
  1173 | D:3      | Noticed Robin
  1192 | D:3      | Reached XP level 4. HP: 21/28 MP: 4/4
  1197 | D:3      | Killed Robin
  1341 | D:3      | Reached XP level 5. HP: 5/33 MP: 5/5
  1592 | D:3      | Found a glowing silver altar of Zin.
  1823 | D:3      | Noticed an ogre
  2236 | D:3      | Reached XP level 6. HP: 21/38 MP: 6/6
  2590 | D:3      | Reached skill level 5 in Armour
  2590 | D:3      | Reached XP level 7. HP: 21/44 MP: 7/7
  3061 | D:4      | Found a staircase to the Ecumenical Temple.
  3183 | Temple   | Entered the Ecumenical Temple
  3305 | D:4      | Found a glowing drain.
  3324 | Sewer    | Entered a sewer
  3417 | Sewer    | Reached skill level 5 in Shields
  3498 | Sewer    | Reached skill level 5 in Fighting
  3800 | D:4      | Reached skill level 5 in Axes
  3808 | D:4      | Reached XP level 8. HP: 23/49 MP: 8/8
  4150 | D:4      | Found an opulent altar of Gozag.
  4268 | D:5      | Entered Level 5 of the Dungeon
  4366 | D:5      | HP: 2/50 [ogre/giant club (26)]
  4367 | D:5      | Slain by an ogre

Skill      XL: |  1  2  3  4  5  6  7 |
---------------+----------------------+-----
Axes           | 2 3 4 5 |  5.5
Armour         | 4 5 |  5.9
Shields        | 4 5 |  5.6
Fighting       | 4 5 |  5.4
Dodging        | |  0.1

Action                   |  1- 3 |  4- 6 |  7- 9 || total
-------------------------+-------+-------+-------++-------
Melee: War axe           |   108 |   167 |   239 ||   514
  Use: Scroll            |       |     7 |       ||     7
       Potion            |       |     1 |     1 ||     2
  Eat: Chunk             |       |     6 |     6 ||    12
Armor: Scale mail        |    59 |    90 |   109 ||   258
Dodge: Dodged            |    41 |    48 |    71 ||   160
Block: Shield            |    52 |    78 |   111 ||   241
